 Dungeon Crawl Stone Soup version 0.20.0-15-g7f486f2 (webtiles) character file.

287 Yiraa the Ruffian (level 6, -2/51 HPs)
             Began as a Ghoul Monk on June 25, 2017.
             Slain by Duvessa
             ... wielding a cursed -1 rapier
              (5 damage)
             ... on level 4 of the Dungeon.
             The game lasted 00:26:33 (5229 turns).

Yiraa the Ruffian (Ghoul Monk)                      Turns: 5229, Time: 00:26:34

Health: -2/51      AC:  2    Str: 17    XL:     6   Next: 30%
Magic:  5/5        EV: 12    Int:  5    God:
Gold:   141        SH:  0    Dex: 11    Spells: 5/5 levels left

rFire    . . .     SeeInvis .     - Unarmed
rCold    + . .     Gourm    .   (no shield)
rNeg     + + +     Faith    .   c - +0 robe
rPois    ∞         Spirit   .   (no helmet)
rElec    .         Reflect  .   (no cloak)
rCorr    .         Harm     .   (no gloves)
MR       .....                  (no boots)
Stlth    ++........             (no amulet)
Regen    0.0/turn               (no ring)
MPRegen  0.1/turn               (no ring)

@: about to teleport, rotting
A: rotting body, claws 1, carnivore 3, cold resistance 1, negative energy
resistance 3, inhibited regeneration, torment resistance, unbreathing
a: no special abilities


You were on level 4 of the Dungeon.
You were not hungry.

You visited 1 branch of the dungeon, and saw 4 of its levels.
You also visited: Sewer.

You collected 141 gold pieces.

Inventory:

Missiles
 d - 36 stones (quivered)
Armour
 a - a +0 robe
 c - a +0 robe (worn)
Scrolls
 h - 3 scrolls of identify
 m - a scroll of enchant armour {unknown}
 q - a scroll of immolation {unknown}
Potions
 e - a potion of magic {unknown}
 g - a potion of might
 i - a potion of curing
 j - a potion of mutation
 l - a potion of brilliance
 n - a potion of flight
Books
 f - the Grimoire of the Mountains and Battle Magic
   (You found it in a sewer)

   Spells                             Type                      Level
   a - Conjure Flame                  Conjuration/Fire             3
   b - Stone Arrow                    Conjuration/Earth            3
   c - Conjure Ball Lightning         Conjuration/Air              6
   d - Statue Form                    Transmutation/Earth          6
 r - a book of Maledictions

   Spells                             Type                      Level
   a - Corona                         Hexes                        1
   b - Ensorcelled Hibernation        Hexes/Ice                    2
   c - Confuse                        Hexes                        3
   d - Tukima's Dance                 Hexes                        3
   e - Dazzling Spray                 Conjuration/Hexes            3
Comestibles
 b - 4 meat rations
 p - a royal jelly


   Skills:
 + Level 3.5 Fighting
 - Level 2.6 Dodging
 - Level 2.1 Stealth
 * Level 7.4 Unarmed Combat


You had 5 spell levels left.
You didn't know any spells.

Dungeon Overview and Level Annotations

Branches:
Dungeon (4/15)
 Temple: D:4-7

Altars:
Ashenzari

Annotations:
D:2 1 runed door, Terence
D:3 Grinder
D:4 Dowan, Duvessa


Innate Abilities, Weirdness & Mutations

Your body is rotting away.
You thrive on raw meat.
You are immune to poison.
You have sharp fingernails.
You are carnivorous and can eat meat at any time.
Your flesh is cold resistant. (rC+)
You are immune to negative energy. (rN+++)
You do not regenerate when monsters are visible.
You are immune to unholy pain and torment.
You can survive without breathing.


Message History

* * * LOW HITPOINT WARNING * * *
It was a potion of cancellation.
Your magical effects are unravelling.
You feel magically purged.
You feel a little less mighty now.
You feel a little less clever now.
You are no longer glowing.
Duvessa hits you but does no damage.
Okay, then.
As you read the scroll labeled GATWUV CITEZAU, it crumbles to dust.
You hear a loud clanging noise!
It was a scroll of noise.
You hear a shout! x2; You hear an angry hiss.
You hear a shout!
Duvessa hits you with a rapier!
* * * LOW HITPOINT WARNING * * *
Duvessa misses you.
As you read the scroll of teleportation, it crumbles to dust.
You feel strangely unstable. Duvessa closely misses you.
An ooze comes into view.
Duvessa hits you with a rapier.
You die...

...... $.#####
.....J. .......
.......## .......
......... .......
........# .......
........# .......
........####..<..$.
........@eeho.....$
.....#..###.######
... ##.###.# .
#..##.# ##.##.#
#..#.# ##.#.# #.#.#
#.#.#


You could see Duvessa, Dowan, a hound, an ooze (wandering) and an orc.

Vanquished Creatures
  A bullfrog (Sewer)
  A hound (D:4)
  An orc wizard (D:3)
  An iguana (D:4)
  4 adders
  3 worms
  2 dart slugs (D:3)
  3 leopard geckos
  5 orcs (D:3)
  6 bats
  6 giant cockroaches
  9 goblins
  4 hobgoblins
  9 kobolds
  2 quokkas
  6 ball pythons (Sewer)
  10 frilled lizards
  15 rats
88 creatures vanquished.

Notes
Turn   | Place    | Note
-------+----------+-------------------------------------------
     0 | D:1      | Yiraa the Ghoul Monk began the quest for the Orb.
     0 | D:1      | Reached XP level 1. HP: 19/19 MP: 0/0
   148 | D:1      | Reached XP level 2. HP: 26/26 MP: 1/1
   230 | D:1      | Reached skill level 4 in Unarmed Combat
   689 | D:1      | Reached XP level 3. HP: 29/31 MP: 2/2
  1337 | D:2      | Noticed Terence
  2001 | D:2      | Reached skill level 5 in Unarmed Combat
  2063 | D:2      | Found a runed door.
  2301 | D:3      | Reached XP level 4. HP: 34/38 MP: 3/3
  2444 | D:3      | Found a glowing drain.
  2466 | Sewer    | Entered a sewer
  3809 | Sewer    | Reached skill level 6 in Unarmed Combat
  3934 | Sewer    | Noticed a bullfrog
  3942 | Sewer    | Killed a bullfrog
  3942 | Sewer    | Reached XP level 5. HP: 12/43 MP: 4/4
  4185 | Sewer    | Identified the Grimoire of the Mountains and Battle Magic
  4447 | D:3      | HP: 2/44 [orc wizard/magic dart (8)]
  4779 | D:3      | Reached skill level 7 in Unarmed Combat
  4779 | D:3      | Reached XP level 6. HP: 46/51 MP: 5/5
  4984 | D:3      | Found a shattered altar of Ashenzari.
  4988 | D:3      | Saw a vision of the Shoals and the Spider Nest.
  4988 | D:3      | Noticed a wolf spider
  4988 | D:3      | Noticed a hornet
  4988 | D:3      | Noticed a redback
  4988 | D:3      | Noticed a redback
  4988 | D:3      | Noticed a merfolk
  4988 | D:3      | Noticed a merfolk
  4988 | D:3      | Noticed a merfolk
  4988 | D:3      | Noticed a merfolk
  4989 | D:3      | Noticed Grinder
  4992 | D:3      | Paralysed by Grinder for 2 turns
  5204 | D:4      | Noticed Duvessa
  5204 | D:4      | Noticed Dowan
  5229 | D:4      | Slain by Duvessa

Skill      XL: |  1  2  3  4  5 |
---------------+----------------+-----
Unarmed Combat | 4 5 6 7 |  7.4
Fighting       | |  3.5
Dodging        | |  2.6
Stealth        | |  2.1

Action                   |  1- 3 |  4- 6 || total
-------------------------+-------+-------++-------
Melee: Unarmed           |   109 |   146 ||   255
       Punch             |     4 |     1 ||     5
Throw: Stone             |   104 |   102 ||   206
  Use: Scroll            |     3 |     5 ||     8
       Potion            |     1 |     7 ||     8
 Stab: Sleeping          |     3 |       ||     3
  Eat: Chunk             |    44 |    24 ||    68
Armor: Robe              |    10 |    20 ||    30
Dodge: Dodged            |    43 |    98 ||   141
